 Dungeon Crawl Stone Soup version 0.32-a0-132-g2d33c3cfaf (webtiles) character file.

Game seed: 9677627757794558953

46 Dittersdorf the Covered (level 3, -2/24 HPs)
             Began as a Gargoyle Fighter on Feb 9, 2024.
             Frozen to death by an endoplasm (5 damage)
             ... on level 1 of the Dungeon.
             The game lasted 00:01:29 (754 turns).

Dittersdorf the Covered (Gargoyle Fighter)           Turns: 754, Time: 00:01:30

Health: -2/24      AC: 13    Str: 21    XL:     3   Next: 66%
Magic:  3/3        EV:  9    Int:  8    God:
Gold:   7          SH:  4    Dex:  9    Spells: 2/2 levels left

rFire   . . .        a - +0 flail
rCold   . . .        c - +0 buckler
rNeg    + . .        b - +0 scale mail
rPois   ∞            (no helmet)
rElec   +            e - +1 cloak
rCorr   .            (no gloves)
SInv    .            k - +0 pair of boots
Will    .....        (no amulet) Stlth
                     (no ring)
HPRegen 0.24/turn    (no ring)
MPRegen 0.08/turn

%: no passive effects
@: no status effects
A: sickness immunity, AC +3, negative energy resistance 1, electricity
resistance, torment resistance 1, petrification resistance
a: no special abilities


You were on level 1 of the Dungeon.
You visited 1 branch of the dungeon, and saw 4 of its levels.

You collected 7 gold pieces.

Inventory:

Hand Weapons
 a - a +0 flail (weapon)
Armour
 b - a +0 scale mail (worn)
 c - a +0 buckler (worn)
 e - a +1 cloak (worn)
 k - a +0 pair of boots (worn)
Potions
 d - a potion of might
 f - a potion of brilliance


   Skills:
 + Level 3.7 Fighting
 + Level 2.6 Maces & Flails
 + Level 3.8 Armour
 + Level 3.7 Shields


You had 2 spell levels left.
You didn't know any spells.
Your spell library was empty.

Dungeon Overview and Level Annotations

Branches:
Dungeon (4/15)
 Temple: D:4-7

Altars:

Shops:
D:4 *


Innate Abilities, Weirdness & Mutations

You are immune to sickness and miasma.
Your stone body is resilient. (AC +3)
You are immune to poison.
You resist negative energy. (rN+)
You are resistant to electric shocks. (rElec)
You are resistant to unholy torment.
You are immune to petrification.


Message History

You are too injured to fight recklessly!
You are too injured to fight recklessly!
You are too injured to fight recklessly!
You are too injured to fight recklessly!
You are too injured to fight recklessly!
You are too injured to fight recklessly!
You are too injured to fight recklessly!
You are too injured to fight recklessly!
The rat bites you but does no damage. The rat bites you but does no damage.
There is a stone staircase leading up here.
The adder barely misses you. The rat bites you.
The adder bites you but does no damage. The endoplasm closely misses you.
You climb upwards.
There is a stone staircase leading down here.
You are too injured to fight recklessly!
You hit the adder.
The adder is severely wounded.
The rat bites you but does no damage.
The endoplasm hits you but does no damage.
The adder bites you. The endoplasm freezes you.
You are frozen.
The rat closely misses you. The endoplasm freezes you.
You are frozen.
* * * LOW HITPOINT WARNING * * *
You barely miss the adder.
The adder is severely wounded.
The adder bites you but does no damage. The endoplasm freezes you.
You are frozen.
* * * LOW HITPOINT WARNING * * *
The endoplasm hits you but does no damage.
The rat closely misses you. The adder bites you but does no damage.
You barely miss the adder.
The adder is severely wounded.
The adder closely misses you. The endoplasm freezes you.
You are frozen.
You die...

...#.#.#.#.#÷........# #......
..#.#.#.#.#.#........######..>...
.#.#.#.#.#.#^#....)÷.....#..#.###
#.#.#.#.#.#.#.#.........[..#....#
.#.#.#.#)#.#.#.#...........#.....
#.#.#.#.#.#.#.#............#.....
.#.#.#.#.#.#.#.............#....#
..#.#.#.#.#.#...Jr...............
...#.#.#.#.#....@J.........#....#
....#.#.#.#......S........##....#
.....#.#.#...............###....#
......#.#....#######.######.....#
##.....#....########.# ###.....#
#...................# ##...####.
##.........####.########..### #.
#..##.##...## #...## #....# #.
#.###.......# ###..###.#.#######.


You could see an adder, 2 endoplasms and a rat.

Vanquished Creatures
  2 dart slugs (D:1)
  5 ball pythons
  2 bats
  6 endoplasms
  2 giant cockroaches
  3 goblins (D:1)
  A hobgoblin (D:1)
  4 jackals (D:1)
  2 quokkas (D:1)
  5 kobolds
  6 rats
38 creatures vanquished.

Notes
Turn   | Place    | Note
-------+----------+-------------------------------------------
     0 | D:1      | Dittersdorf the Gargoyle Fighter began the quest for the
                  | Orb.
     0 | D:1      | Reached XP level 1. HP: 14/14 MP: 1/1
    28 | D:1      | Reached XP level 2. HP: 9/19 MP: 2/2
   245 | D:1      | Reached XP level 3. HP: 23/23 MP: 3/3
   578 | D:2      | You fall into a shaft and drop 2 floors!
   578 | D:4      | Found Arrucvah's Fire Supplies.
   754 | D:1      | Frozen to death by an endoplasm

Illustrated notes

Levels and vault maps discovered:
D:1:      onia_arrival_handbag, layout_rooms, nicolae_the_louvre
D:2:      layout_rooms, serial_shops, nicolae_square_shop
D:3:      layout_loops_cross, nzn_overflow_gifts_of_might_and_magic,
          marbit_many_paths, mainiacjoe_overflow_cross_hatched,
          guppyfry_early_lair_pool
D:4:      layout_gridville, minmay_temple_entry_offerings,
          nicolae_shop_fire_sale [nicolae_sub_dead_trees]

Action                     || total
---------------------------++-------
  Melee: Flail             ||   122
    Use: Scroll            ||     4
 Armour: Scale mail        ||   117
  Dodge: Dodged            ||    85
  Block: Buckler           ||    29

Table legend: (Time is in decaauts)
 A = Elapsed time spent in this place.
 B = Non-inter-level travel time spent in this place.
 C = Inter-level travel time spent in this place.
 D = Time resting spent in this place.
 E = Time spent auto-exploring this place.
 F = Levels seen in this place.
 G = Mean time per level.
                   A        B        C        D        E       F      G
               +--------+--------+--------+--------+--------+-----+--------+
         Total |    792 |    772 |     20 |     11 |    471 |   4 |  198.0 |
       Dungeon |    792 |    772 |     20 |     11 |    471 |   4 |  198.0 |
               +--------+--------+--------+--------+--------+-----+--------+

Top non-repeatable levels by time:
     D:1: 581 daAuts
     D:2: 118 daAuts
     D:4: 67 daAuts
     D:3: 24 daAuts
